Unix NetHack Version 3.7.0-102 Work-in-progress - last build Apr 6 2024 13:22:21 (d302a6a9ff6341f1a922d8f5af178406b35fdf99,branch:master). Game began 2024-04-17 05:08:30, ended 2024-04-17 06:59:41. spontiff, neutral male gnomish Healer (.d --- ..@. .>...0--s-- ..-.-....---.---- ...............|.---- -.........<-........| |..................-- |...*...--.........| |....|.----.- ... --..---- ---- Spontiff the Rhizotomist St:9 Dx:10 Co:17 In:11 Wi:16 Ch:16 Neutral S:450 Dlvl:10 $:376 HP:0(31) Pw:5(5) AC:-3 Xp:1/0 T:7325 Latest messages: The giant spider bites! The giant spider misses! You hear some noises. You hear some noises in the distance. What do you want to adjust? [dghjkm-oq-vx-zAC-FI-KW or ?*] F Adjust letter to what [a-cefilpwBF-HL-VX-Z] (? see used letters)? Q Moving: Q - a mummy wrapping. You don't have anything to drink. The wood nymph pretends to be friendly. The wood nymph pretends to be friendly. The giant spider misses! The wood nymph pretends to be friendly. The wood nymph stole an uncursed tinning kit. The wood nymph vanishes! The giant spider misses! What do you want to use or apply? [ostxzDK or ?*] s In what direction? b Status of the giant spider (neutral, large): Level 5 HP 17(28) AC 4. The large dog misses the giant spider. The giant spider misses! What do you want to use or apply? [ostxzDK or ?*] s In what direction? h Status of the large dog (neutral, medium): Level 9 HP 48(72) AC 4, tame. The large dog bites the giant spider. The giant spider misses the large dog. The giant spider misses! The giant spider bites! The large dog bites it. It bites the large dog. You hear some noises. What do you want to use or apply? [ostxzDK or ?*] s In what direction? u Status of the giant spider (neutral, large): Level 5 HP 4(28) AC 4. The large dog misses the giant spider. The giant spider bites! What do you want to use or apply? [ostxzDK or ?*] s In what direction? k Status of the giant spider (neutral, large): Level 5 HP 4(28) AC 4. What do you want to use or apply? [ostxzDK or ?*] s In what direction? u The invisible monster must have moved. You hear nothing special. The giant spider bites! The giant spider bites! The giant spider misses! The giant spider misses! The giant spider bites! You die... Do you want your possessions identified? [ynq] (y) y Do you want to see the dungeon overview? [ynq] (y) y Inventory: Coins $ - 376 gold pieces Amulets A - an uncursed amulet of ESP Weapons W - an uncursed +0 dart k - a blessed +0 elven dagger (alternate weapon; not wielded) Armor h - an uncursed +1 helmet (being worn) g - an uncursed +1 pair of leather gloves (being worn) v - an uncursed +0 pair of low boots (being worn) r - an uncursed +0 small shield (being worn) q - an uncursed +0 dwarvish cloak (being worn) Q - an uncursed +0 mummy wrapping d - an uncursed +0 leather armor (being worn) Comestibles y - an uncursed berried treasure Scrolls j - 2 uncursed scrolls of blank paper n - an uncursed scroll of confuse monster u - an uncursed scroll of create monster I - an uncursed scroll of identify Spellbooks t - an uncursed spellbook of wizard lock Wands D - an uncursed wand of digging (0:4) K - an uncursed wand of magic missile (0:4) Tools z - an uncursed leash x - an uncursed oil lamp s - an uncursed stethoscope o - an uncursed tin whistle Gems/Stones E - an uncursed aquamarine stone m - an uncursed worthless piece of black glass C - an uncursed worthless piece of orange glass Spontiff the Healer's attributes: Background: You were a Rhizotomist, a level 1 male gnomish Healer. You were neutral, on a mission for Hermes who was opposed by Athena (lawful) and Poseidon (chaotic). You were right-handed. You were in the Gnomish Mines, on level 10. You entered the dungeon 7325 turns ago. You had 0 experience points, 20 were needed to attain level 2. Your score was 450 before end-of-game adjustments. Basics: You had 0 out of 31 hit points. You had all 5 energy points (spell power). Your armor class was -3. Your wallet contained 376 zorkmids. Autopickup was on for '$!/="?' plus thrown, with exceptions. Final Characteristics: Your strength was 9 (limit:18/50). Your dexterity was 10 (limit:18). Your constitution was 17 (limit:18). Your intelligence was 11 (limit:19). Your wisdom was 16 (limit:18). Your charisma was 16 (limit:18). Final Status: You weren't hungry. You were unencumbered. You were empty handed. You were unskilled in bare handed combat. Final Attributes: You were piously aligned. Your items were somewhat protected from fire. Your items were somewhat protected from cold. You were poison resistant. You had infravision. You had a small defense bonus (+5). You were warded. You are dead. Miscellaneous: You encountered 1 bones level. Total elapsed playing time was 1 hour, 16 minutes and 52 seconds. Major events: Turn 1: spontiff the neutral male gnomish Healer entered the dungeon 1365: entered the Gnomish Mines 1978: reached Mine Town 7325: killed by a giant spider Vanquished creatures: a lurker above a large mimic a small mimic an elf mummy 4 watchmen a leprechaun 2 giant spiders 2 human zombies a soldier ant a bugbear a wood nymph an orc shaman 3 rock piercers 3 rock moles 3 ponies 2 fog clouds 3 gnome leaders a gnomish wizard a kobold mummy a gray ooze 2 elf zombies a paper golem 2 giant ants 2 little dogs 2 floating eyes a kitten 8 dwarves 2 homunculi a kobold leader 2 hill orcs 4 rothes 2 centipedes 2 giant bats 5 monkeys 2 werejackals 9 iguanas 3 acid blobs a coyote a gas spore 6 hobbits 2 hobgoblins 11 giant rats 2 cave spiders a brown mold 3 yellow molds 15 gnomes 4 gnome zombies 7 geckos 10 jackals 7 foxes 3 kobolds 2 goblins 6 sewer rats 12 grid bugs a bat 13 lichens 2 kobold zombies 7 newts 200 creatures vanquished. No species were genocided or became extinct. Voluntary challenges: You never hit with a wielded weapon. You were a pacifist. You read items or engraved 4 times. You never engraved Elbereth. You never genocided any monsters. You never polymorphed an object. You used no wishes. Achievements: You entered a shop. You entered the Gnomish Mines. You entered Minetown. You entered a temple. The Dungeons of Doom: levels 1 to 4 Level 1: "Stashlet" Level 2: Some fountains, a grave. Level 3: Some fountains, a grave. Level 4: Stairs down to The Gnomish Mines. The Gnomish Mines: levels 5 to 10 Level 5: Level 6: Level 7: "l has my gold" A temple and an altar, some fountains, a sink. Level 8: Level 9: "Polytrap; lurker near it" Level 10: <- You were here. Final resting place for you, killed by a giant spider, nabru-Wiz-Elf-Fem-Cha, killed by a soldier ant, desertgreg-Cav-Gno-Fem-Neu, killed by a soldier ant. Game over: ---------- / \ / REST \ / IN \ / PEACE \ / \ | spontiff | | 376 Au | | killed by a | | giant spider | | | | | | 2024 | *| * * * | * _________)/\\_//(\/(/\)/\//\/|_)_______ Goodbye spontiff the Healer... You died in The Gnomish Mines on dungeon level 10 with 450 points, and 376 pieces of gold, after 7325 moves. You were level 1 with a maximum of 31 hit points when you died.